 Dungeon Crawl Stone Soup version 0.31-a0-150-g89dc3ad700 (webtiles) character file.

Game seed: 903683979242002580

176 qw the Shooter (level 5, -7/46 HPs)
             Began as a Minotaur Hunter on June 8, 2023.
             Mangled by Ijyb
             ... wielding a +0 dagger
              (9 damage)
             ... on level 3 of the Dungeon.
             The game lasted 00:00:58 (2712 turns).

qw the Shooter (Minotaur Hunter)                    Turns: 2712, Time: 00:00:58

Health: -7/46      AC:  5    Str: 16    XL:     5   Next: 30%
Magic:  4/4        EV: 11    Int:  6    God:
Gold:   128        SH:  0    Dex: 15    Spells: 4/4 levels left

rFire   . . .        Y - +1 shortbow
rCold   . . .        (shield currently unavailable)
rNeg    . . .        a - +0 ring mail
rPois   .            (helmet restricted)
rElec   .            (no cloak)
rCorr   .            (no gloves)
SInv    .            (no boots)
Will    .....        (no amulet)
Stlth   +            (no ring)
HPRegen 0.27/turn    (no ring)
MPRegen 0.09/turn

%: no passive effects
@: no status effects
A: horns 2, retaliatory headbutt
a: no special abilities


You were on level 3 of the Dungeon.
You visited 1 branch of the dungeon, and saw 3 of its levels.

You collected 128 gold pieces.


Innate Abilities, Weirdness & Mutations

You have a pair of horns on your head.
You reflexively headbutt those who attack you in melee.


   Skills:
 - Level 4.0 Fighting
 + Level 6.5 Ranged Weapons
 - Level 1.0 Armour
 - Level 2.1 Dodging
 - Level 0.7 Stealth


You had 4 spell levels left.
You didn't know any spells.
Your spell library was empty.

Inventory:

Hand Weapons
 Y - a +1 shortbow (weapon)
Armour
 a - a +0 ring mail (worn)
Jewellery
 b - a +4 ring of protection
 e - a ring of flight
Scrolls
 i - a scroll of identify
Potions
 d - a potion of might
 f - 2 potions of haste
 g - a potion of degeneration {unknown}
 j - a potion of heal wounds {unknown}

Dungeon Overview and Level Annotations

Branches:
Dungeon (3/15)

Altars:

Shops:
D:3 [

Annotations:
D:2 1 runed translucent door, Crazy Yiuf
D:3 Ijyb


Message History

You are electrocuted!
You shoot an arrow. The arrow hits Robin.
Robin is almost dead.
The hobgoblin closely misses you. Robin barely misses you.
You shoot an arrow. The arrow hits Robin!
You kill Robin!
The hobgoblin hits you but does no damage.
You shoot an arrow.
The arrow completely misses the hobgoblin.
The hobgoblin hits you but does no damage.
You shoot an arrow.
The arrow hits the hobgoblin but does no damage.
The hobgoblin hits you.
You shoot an arrow. The arrow closely misses the hobgoblin.
The hobgoblin hits you.
You shoot an arrow.
The arrow completely misses the hobgoblin.
You hear a shout!
The hobgoblin misses you. The hobgoblin hits you.
You shoot an arrow. The arrow hits the hobgoblin.
The hobgoblin is moderately wounded.
The hobgoblin misses you.
Ijyb drinks a potion.
Ijyb seems to grow stronger.
You shoot an arrow. The arrow hits the hobgoblin.
The hobgoblin is heavily wounded.
The hobgoblin closely misses you. You furiously retaliate!
You headbutt the hobgoblin.
You kill the hobgoblin!
Ijyb zaps a wand.
The bolt of light misses you.
You shoot an arrow. The arrow hits Ijyb but does no damage.
You shoot an arrow. The arrow hits Ijyb.
Ijyb is lightly wounded.
Ijyb hits you with a +0 dagger.
You shoot an arrow. The arrow closely misses Ijyb.
Ijyb hits you with a +0 dagger!
You shoot an arrow. The arrow hits Ijyb.
Ijyb is lightly wounded.
Ijyb hits you with a +0 dagger. x2
You shoot an arrow. The arrow closely misses Ijyb.
Ijyb hits you with a +0 dagger!
You die...

#........#
#.######.#
#.# #.#
#########.#
#.#
.((.......#
#.#
###########
#.# #.# #)#
#@#
#g)......
.........
..........
#.#........
#.#........
#..........
# .........


You could see Ijyb (strong).

Vanquished Creatures
  A hound (D:3)
  Natasha (twice) (D:2)
  Robin (D:3)
  A worm (D:3)
  A dart slug (D:2)
  10 bats
  8 endoplasms
  7 giant cockroaches
  4 goblins
  10 hobgoblins
  6 jackals
  4 quokkas
  3 ball pythons
  3 frilled lizards
  6 kobolds
  3 rats
70 creatures vanquished.

Vanquished Creatures (others)
  A goblin (D:3)
1 creature vanquished.

Grand Total: 71 creatures vanquished

Notes
Turn   | Place    | Note
-------+----------+-------------------------------------------
     0 | D:1      | qw the Minotaur Hunter began the quest for the Orb.
     0 | D:1      | Reached XP level 1. HP: 18/18 MP: 0/0
     0 | D:1      | 0 ||| qw: Version: 0.2-a-119-g7aa9181
     0 | D:1      | 0 ||| qw: Game counter: 2767
     0 | D:1      | 0 ||| qw: Always use a shield: true
     0 | D:1      | 0 ||| qw: God list: Okawaru
     0 | D:1      | 0 ||| qw: Allow faded altars: false
     0 | D:1      | 0 ||| qw: Do Orc after D:15 true
     0 | D:1      | 0 ||| qw: Do second Lair branch before Depths: true
     0 | D:1      | 0 ||| qw: Lair rune preference: random
     0 | D:1      | 0 ||| qw: Plans: Normal
     0 | D:1      | 0 ||| PLANNING D:1-11
   189 | D:1      | Reached XP level 2. HP: 18/25 MP: 1/1
   222 | D:1      | Reached skill level 5 in Ranged Weapons
   338 | D:1      | Found a faded altar of an unknown god.
   348 | D:1      | Reached skill level 3 in Fighting
   714 | D:1      | 714 ||| READING scroll labelled ZAHAUCO YDIAMN.
   715 | D:1      | 715 ||| READING scroll labelled RURIHUTAOWK.
   716 | D:1      | 716 ||| DRINKING 3 murky clear potions.
   717 | D:1      | 717 ||| DROPPING scroll of butterflies.
   784 | D:2      | Reached XP level 3. HP: 31/31 MP: 2/2
   938 | D:2      | Found a runed translucent door.
   939 | D:2      | Noticed Crazy Yiuf
  1122 | D:2      | Noticed Natasha
  1127 | D:2      | Killed Natasha
  1128 | D:2      | Reached XP level 4. HP: 38/38 MP: 3/3
  1139 | D:2      | Reached skill level 6 in Ranged Weapons
  1332 | D:2      | Noticed Natasha
  1339 | D:2      | Killed Natasha
  1500 | D:2      | 1500 ||| UPGRADING to +0 ring mail.
  1510 | D:2      | 1510 ||| DROPPING +0 leather armour.
  1511 | D:2      | 1511 ||| READING scroll labelled TITRAU BITU.
  1573 | D:2      | 1573 ||| READING scroll labelled TOMEJA WUTUJ.
  1574 | D:2      | 1574 ||| READING scroll labelled YCEXAG XYETAMP.
  1575 | D:2      | 1575 ||| DRINKING 2 blue potions.
  1576 | D:2      | 1576 ||| READING 2 scrolls of identify.
  1576 | D:2      | 1576 ||| IDENTIFYING coppery potion
  1577 | D:2      | 1577 ||| DROPPING potion of attraction.
  1579 | D:2      | 1579 ||| Stepping ~*~*~tactically~*~*~ (cloud).
  1946 | D:3      | Reached skill level 1 in Armour
  1955 | D:3      | Found Necsy's Antique Armour Emporium.
  2255 | D:3      | Reached XP level 5. HP: 46/46 MP: 4/4
  2389 | D:3      | Noticed Ijyb
  2390 | D:3      | Noticed Robin
  2394 | D:3      | 2394 ||| DRINKING potion of curing.
  2394 | D:3      | 2394 ||| (to cure confusion)
  2401 | D:3      | HP: 10/46 [Ijyb/bolt of light (14)]
  2402 | D:3      | 2402 ||| READING scroll of teleportation.
  2701 | D:3      | Killed Robin
  2710 | D:3      | HP: 10/46 [Ijyb/+0 dagger (8)]
  2711 | D:3      | HP: 1/46 [Ijyb/+0 dagger (6)]
  2712 | D:3      | Mangled by Ijyb

Levels and vault maps discovered:
D:1:      dpeg_arrival_rhombus, layout_loops_ring, ebering_ecumenical_altar_hall
D:2:      layout_basic, minmay_domino_4, uniq_natasha, uniq_crazy_yiuf_cottage
D:3:      layout_basic, serial_shops, shop, nicolae_goblin_pals

Skill      XL: |  1  2  3  4 |
---------------+-------------+-----
Ranged Weapons | 5 6 |  6.5
Fighting       | 3 4 |  4.0
Armour         | 1 |  1.0
Dodging        | |  2.1
Stealth        | |  0.7

Action                     |  1- 3 |  4- 6 || total
---------------------------+-------+-------++-------
   Fire: Shortbow          |    92 |   115 ||   207
    Use: Scroll            |     2 |     5 ||     7
         Potion            |     1 |     2 ||     3
 Armour: Leather armour    |    16 |     5 ||    21
         Ring mail         |       |     9 ||     9
  Dodge: Dodged            |    16 |    27 ||    43

Table legend:
 A = Non-vault XP
 B = Vault XP
 C = Vault XP percentage of total XP
 D = Non-vault monster count
 E = Vault monster count
 F = Vault count percentage of total count
                 A         B        C        D         E       F
            +---------+---------+-------+---------+---------+-------
      Total |     184 |      68 |  27.0 |      59 |      11 |  15.7
            +---------+---------+-------+---------+---------+-------
        D:1 |      34 |       0 |   0.0 |      20 |       0 |   0.0
        D:2 |      71 |      42 |  37.2 |      20 |       5 |  20.0
        D:3 |      79 |      26 |  24.8 |      19 |       6 |  24.0
            +---------+---------+-------+---------+---------+-------
